 Dungeon Crawl Stone Soup version bcrawl-1.36.3 (webtiles) character file.

Game seed: 10168038484085407190

151697 doomedcactus the Sneak (level 4, -19/47 HPs)
             Began as an Ent Sloth Apostle on June 17, 2022.
             Was a Follower of Cheibriados.
             Demolished by an ogre
             ... wielding a +0 giant spiked club
              (21 damage)
             ... on level 3 of the Dungeon.
             The game lasted 00:03:28 (1700 turns).

doomedcactus the Sneak (Ent Sloth Apostle)          Turns: 1700, Time: 00:03:28

Health: -19/47     AC: 11    Str: 22    XL:     4   Next: 52%
Magic:  5/5        EV:  7    Int: 17    God:    Cheibriados [*.....]
Gold:   165        SH:  8    Dex: 12    Spells: 4/5 levels left

rFire    . . .     SeeInvis .   a - +0 mace
rCold    . . .     Gourm    .   b - +0 medium shield
rNeg     + + +     Faith    .   (armour unavailable)
rPois    +         Spirit   .   (helmet restricted)
rElec    .         Reflect  .   (no cloak)
rCorr    .         Clarity  +   (gloves unavailable)
MR       .....                  (boots unavailable)
Stlth    +++++.....             (no amulet)
HPRegen  0.15/turn              d - ring of stealth
MPRegen  0.09/turn              (no ring)

@: very slow
A: large, slow actions, passwall, strong branches, negative energy resistance 3,
poison resistance, slow metabolism 1, torment resistance, unbreathing, AC +11
a: Passwall, Bend Time, Renounce Religion


You were on level 3 of the Dungeon.
You worshipped Cheibriados.
Cheibriados was aware of your devotion.
You were very hungry.

You visited 1 branch of the dungeon, and saw 3 of its levels.

You collected 165 gold pieces.

Inventory:

Hand Weapons
 a - a +0 mace (weapon)
Armour
 b - a +0 medium shield (worn)
Jewellery
 d - a ring of stealth (left hand)
 u - a cursed -4 ring of evasion {unknown}
Wands
 c - a wand of paralysis (10)
Scrolls
 i - a scroll of identify
 j - a scroll of magic mapping {unknown}
 l - a scroll of immolation {unknown}
 n - 2 scrolls of teleportation {unknown}
 o - a scroll of enchant weapon {unknown}
 p - a scroll of enchant armour {unknown}
 q - a scroll of fog {unknown}
 r - a scroll of remove curse {unknown}
Potions
 f - a potion of agility {unknown}
 g - a potion of cancellation {unknown}
 h - 2 potions of degeneration {unknown}
 k - a potion of brilliance {unknown}
 m - a potion of flight {unknown}
 s - 2 potions of curing {unknown}
 t - a potion of haste {unknown}
Comestibles
 e - 5 rations {!d}


   Skills:
 * Level 2.5 Fighting
 * Level 3.5 Maces & Flails
 * Level 1.4 Dodging
 + Level 4.5 Stealth
 + Level 2.1 Shields
 + Level 1.2 Spellcasting
 + Level 2.0 Hexes
 * Level 0.9 Invocations
 + Level 0.8 Evocations


You had 4 spell levels left.
You knew the following spells:

 Your Spells              Type           Power        Failure   Level  Hunger
a - Slow                  Hex            #.......     50%         1    None
Your spell library was empty.

Dungeon Overview and Level Annotations

Branches:
Dungeon (3/12)

Altars:


Innate Abilities, Weirdness & Mutations

You move and act slowly.
You can pass through walls and trees.
Your branches can wield two-handed weapons with a shield.
Your thick bark is tough. (AC +11)
You are too large for most types of armour.
You are immune to negative energy. (rN+++)
Your system is resistant to poisons. (rPois)
You have a slow metabolism.
You are immune to unholy pain and torment.
You can survive without breathing.


Message History

The ogre is moderately wounded.
You block the ogre's attack.
You barely miss the ogre.
The ogre is moderately wounded.
The ogre hits you with a cursed -3 giant spiked club!!
Ouch! That really hurt!
You closely miss the ogre.
The ogre is moderately wounded.
The ogre barely misses you. x2
The ogre hits you with a +0 giant spiked club!
You block the ogre's attack. x2
You block the ogre's attack.
The ogre hits you with a cursed -3 giant spiked club!
* * * LOW HITPOINT WARNING * * *
You block the ogre's attack.
The ogre hits you with a cursed -3 giant spiked club.
* * * LOW HITPOINT WARNING * * *
There is a stone staircase leading up here.
The ogre hits you with a +0 giant spiked club!!
You die...

.... #........$.
....##..........
................
###.........>..
............#
...........#
##........#
#...OO...#
#...@....#
#........#
#........#
##########


You could see 2 ogres.

Vanquished Creatures
  Terence (D:2)
  A gnoll (D:1)
  An ooze (D:2)
  3 worms (D:2)
  2 leopard geckos (D:2)
  4 bats
  2 giant cockroaches (D:1)
  5 goblins
  7 hobgoblins
  6 jackals
  9 kobolds
  2 frilled lizards
  6 rats
  A plant (D:2)
50 creatures vanquished.

Notes
Turn   | Place    | Note
-------+----------+-------------------------------------------
     0 | D:1      | doomedcactus the Ent Sloth Apostle began the quest for the
                  | Orb.
     0 | D:1      | Reached XP level 1. HP: 22/22 MP: 2/2
   112 | D:1      | Reached XP level 2. HP: 27/30 MP: 3/3
   116 | D:1      | Reached skill level 4 in Stealth
   295 | D:1      | Reached XP level 3. HP: 17/37 MP: 4/4
   327 | D:1      | Reached skill level 1 in Dodging
   346 | D:1      | Reached * piety under Cheibriados
  1091 | D:2      | Reached XP level 4. HP: 32/47 MP: 5/5
  1443 | D:2      | Noticed Terence
  1461 | D:2      | Killed Terence
  1689 | D:3      | Noticed an ogre
  1689 | D:3      | Noticed an ogre
  1699 | D:3      | HP: 2/47 [ogre/cursed -3 giant spiked club (3)]
  1700 | D:3      | Demolished by an ogre

Skill      XL: |  1  2  3 |
---------------+----------+-----
Stealth        | 4 |  4.5
Dodging        | 1 |  1.4
Shields        | 2 |  2.1
Maces & Flails | 3 |  3.5
Fighting       | |  2.5
Spellcasting   | |  1.2
Hexes          | |  2.0
Invocations    | |  0.9
Evocations     | |  0.8

Action                   |  1- 3 |  4- 6 || total
-------------------------+-------+-------++-------
Melee: Mace              |   127 |    46 ||   173
 Stab: Sleeping          |    10 |     2 ||    12
  Eat: Chunk             |     4 |     1 ||     5
Armor: Skin              |   145 |    13 ||   158
Dodge: Dodged            |    83 |    21 ||   104
Block: Medium shield     |   108 |    24 ||   132
